 Dungeon Crawl Stone Soup version 0.28.0-43-g3370ac3207 (webtiles) character file.

Game seed: 10714164400395910905

49 pkoi the Changer (level 3, -1/15 HPs)
             Began as a Felid Transmuter on Mar 22, 2022.
             Slain by a crimson imp (3 damage)
             ... on level 3 of the Dungeon.
             The game lasted 00:04:18 (3546 turns).

pkoi the Changer (Felid Transmuter)                 Turns: 3546, Time: 00:04:19

Health: -1/15      AC:  1    Str:  6    XL:     3   Next: 53%
Magic:  7/7        EV: 17    Int: 16    God:
Gold:   50         SH:  0    Dex: 16    Spells: 2/6 levels left
                                        Lives:  0   Deaths: 1

rFire   . . .      SeeInvis +     - Unarmed
rCold   . . .      Faith    .   (shield unavailable)
rNeg    . . .      Spirit   .   (armour unavailable)
rPois   .          Reflect  .   (helmet unavailable)
rElec   .          Harm     .   (cloak unavailable)
rCorr   .          Rampage  .   (gloves unavailable)
Will    .....                   (boots unavailable)
Stlth   +.........              (no amulet)
HPRegen 0.05/turn               (no ring)
MPRegen 0.10/turn               (no ring)

@: quick
A: very small, claws 1, fangs 3, see invisible, speed 1, shaggy fur 1, stealthy
paws, no weapons or thrown items, no armour, multi-lived
a: no special abilities


You were on level 3 of the Dungeon.
You visited 1 branch of the dungeon, and saw 3 of its levels.

You collected 50 gold pieces.

Inventory:

Jewellery
 f - an amulet of the acrobat
Scrolls
 a - 2 scrolls of identify
Potions
 c - 2 potions of curing
 d - 2 potions of flight


   Skills:
 - Level 1.0 Fighting
 - Level 2.6 Dodging
 - Level 3.0 Unarmed Combat
 - Level 2.0 Spellcasting
 + Level 5.3 Transmutations


You had 2 spell levels left.
You knew the following spells:

 Your Spells              Type           Power      Damage    Failure   Level
a - Beastly Appendage     Tmut           36%        N/A       2%          1
b - Wereblood             Tmut           18%        N/A       3%          2
c - Apportation           Tloc           2%         N/A       21%         1

Your spell library contained the following spells:

 Spells                   Type           Power      Damage    Failure   Level
 Spider Form              Tmut/Pois      10%        N/A       22%         3
 Call Canine Familiar     Summ           1%         N/A       52%         3
 Ice Form                 Ice/Tmut       10%        N/A       56%         4
 Alistair's Intoxication  Tmut/Pois      6%         N/A       89%         5
 Leda's Liquefaction      Hex/Erth       0%         N/A       90%         4
 Portal Projectile        Hex/Tloc       Unusable   N/A       N/A         3

Dungeon Overview and Level Annotations

Branches:
Dungeon (3/15)

Altars:
Gozag
The Shining One


Innate Abilities, Weirdness & Mutations

You have sharp claws.
You have razor-sharp teeth.
You have supernaturally acute eyesight. (SInv)
You cover ground quickly. (Speed+)
You are covered in fur. (AC +1)
Your paws help you pounce on unaware monsters.
You are incapable of wielding weapons or throwing items.
You cannot wear armour.
You gain extra lives every three experience levels.


Message History

The goblin zombie is heavily damaged.
The crimson imp blinks!
The goblin zombie closely misses you.
You claw the goblin zombie!
You destroy the goblin zombie!
Things that are here:
a giant cockroach corpse; a bat corpse You closely miss the crimson imp.
The crimson imp misses you.
You scratch the crimson imp. Your headbutt misses the crimson imp.
The crimson imp is moderately wounded.
The crimson imp closely misses you.
You closely miss the crimson imp. Your bite misses the crimson imp.
The crimson imp is moderately wounded.
The crimson imp barely misses you.
You scratch the crimson imp.
The crimson imp is heavily wounded.
The crimson imp hits you.
* * * LOW HITPOINT WARNING * * *
You barely miss the crimson imp.
The crimson imp is moderately wounded.
The crimson imp misses you.
You closely miss the crimson imp. You headbutt the crimson imp.
Your claw misses the crimson imp.
The crimson imp is moderately wounded.
Your horns disappear.
The crimson imp hits you.
* * * LOW HITPOINT WARNING * * *
You miss the crimson imp.
The crimson imp is moderately wounded.
The crimson imp barely misses you.
You closely miss the crimson imp.
The crimson imp is moderately wounded.
The crimson imp completely misses you.
You closely miss the crimson imp.
The crimson imp is lightly wounded.
The crimson imp hits you.
* * * LOW HITPOINT WARNING * * *
You scratch the crimson imp but do no damage.
The crimson imp is lightly wounded.
The crimson imp hits you.
You die...

......## ........
......# #....# #....#
####### ##....#
#.....# ..
#.....######.###.#
_Z.+Z.........5@..†.#
....#...........#####
Z...#...######### #
#Z...# .#.##...#
........# ........#
........# #########


You could see a crimson imp.

Vanquished Creatures
  A jelly (D:2)
  A gnoll (D:1)
  A worm (D:2)
  2 dart slugs
  7 ball pythons
  5 endoplasms
  2 giant cockroaches
  4 goblins
  5 hobgoblins
  4 jackals (D:2)
  3 kobolds (D:2)
  5 quokkas
  4 bats
  2 frilled lizards
  3 goblin zombies (D:3)
  A hobgoblin zombie (D:3)
  An orc skeleton (D:3)
  2 rats (D:1)
53 creatures vanquished.

Notes
Turn   | Place    | Note
-------+----------+-------------------------------------------
     0 | D:1      | pkoi the Felid Transmuter began the quest for the Orb.
     0 | D:1      | Reached XP level 1. HP: 9/9 MP: 4/4
   201 | D:1      | Reached skill level 3 in Transmutations
   201 | D:1      | Reached XP level 2. HP: 12/12 MP: 6/6
   372 | D:1      | Found a faded altar of an unknown god.
   872 | D:1      | Reached XP level 3. HP: 15/15 MP: 7/7
   880 | D:1      | Reached skill level 4 in Transmutations
  1485 | D:2      | Reached XP level 4. HP: 12/19 MP: 8/8
  1752 | D:2      | Reached skill level 5 in Transmutations
  1758 | D:2      | Learned a level 2 spell: Wereblood
  1760 | D:2      | Learned a level 1 spell: Apportation
  2146 | D:2      | Found an opulent altar of Gozag.
  3463 | D:3      | Noticed a black bear
  3492 | D:3      | Slain by a black bear
  3493 | D:3      | Reached XP level 3. HP: 0/15 MP: 7/7
  3493 | D:3      | Found a glowing golden altar of the Shining One.
  3546 | D:3      | Slain by a crimson imp

Illustrated notes

Levels and vault maps discovered:
D:1:      scummos_arrival_hexagon, layout_rooms, nicolae_ecumenical_lake_church,
          st_stairs_3, minmay_crystal_room
D:2:      layout_basic, basic_altar
D:3:      layout_basic, nicolae_tso_besieged_by_evil, uniq_grinder

Skill      XL: |  1  2  3  4 |
---------------+-------------+-----
Transmutations | 3 4 5 |  5.3
Fighting       | |  1.0
Dodging        | |  2.6
Unarmed Combat | |  3.0
Spellcasting   | |  2.0

Action                   |  1- 3 |  4- 6 || total
-------------------------+-------+-------++-------
Melee: Unarmed           |   117 |    60 ||   177
       Bite              |     8 |     9 ||    17
       Punch             |     2 |     1 ||     3
       Headbutt          |     8 |     5 ||    13
 Cast: Beastly Appendage |     5 |     3 ||     8
  Use: Scroll            |       |     4 ||     4
 Stab: Sleeping          |     1 |       ||     1
Armor: Skin              |     8 |       ||     8
Dodge: Dodged            |    99 |    49 ||   148
